 Dungeon Crawl Stone Soup version 0.21-a0-273-g0785366 (webtiles) character file.

215878 Multipenetrator the Warrior (level 19, -5/127 HPs)
             Began as a Kobold Berserker on June 19, 2017.
             Was a High Priest of Trog.
             Hit by a javelin of returning thrown by a merfolk javelineer (26 damage)
             ... on level 2 of the Shoals on Sept 17, 2017.
             The game lasted 02:13:32 (35924 turns).

Multipenetrator the Warrior (Kobold Berserker)     Turns: 35924, Time: 02:13:32

Health: -5/127     AC: 18    Str: 22    XL:     19   Next: 77%
Magic:  0/9        EV: 33    Int:  4    God:    Trog [*****.]
Gold:   1722       SH:  7    Dex: 31    Spells: 18/18 levels left

rFire    + . .     SeeInvis .   a - +9 scimitar of Ganener {antimagic, rN++ Str+5 Dex+4}
rCold    . . .     Gourm    .   b - -2 buckler of the Pleiades {Dex+4}
rNeg     + + +     Faith    .   e - +3 scale mail of Makhleb's Hope {rElec rF+ rN+++ Dex-3}
rPois    +         Spirit   +   g - +1 helmet
rElec    +         Reflect  .   L - +1 cloak
rCorr    .         Harm     .   T - +2 pair of gloves
MR       +++..                  C - +0 pair of boots
Stlth    ++++++....             F - amulet "Ifill" {Spirit +Fly rPois Int-4}
HPRegen  1.31/turn              Z - +4 ring of evasion
MPRegen  0.11/turn              w - +4 ring of dexterity

@: regenerating
A: thin skeletal structure 1, carnivore 3, deformed body
}: 1/15 runes: serpentine
a: Berserk, Trog's Hand, Brothers in Arms, Burn Spellbooks, Renounce Religion,
Evoke Flight


You were on level 2 of the Shoals.
You worshipped Trog.
Trog was extremely pleased with you.
You were very full.

You visited 6 branches of the dungeon, and saw 30 of its levels.
You visited 1 bazaar.
You also visited: Sewer, Ice Cave and Volcano.

You collected 2989 gold pieces.
You spent 1267 gold pieces at shops.

Inventory:

Hand Weapons
 a - the +9 scimitar of Ganener (weapon) {antimagic, rN++ Str+5 Dex+4}
   (You found it on level 3 of the Lair of Beasts)

   It reduces the magical energy of the wielder, and disrupts the spells and
   magical abilities of those hit.
   Natural abilities and divine invocations are not affected.
   It affects your strength (+5).
   It affects your dexterity (+4).
   It greatly protects you from negative energy.
 f - a +0 double sword of venom
 q - the +10 scimitar "Grom" {flame, MR+ Str+2}
   (Trog gifted it to you on level 15 of the Dungeon)

   It has been specially enchanted to burn those struck by it, causing extra
   injury to most foes and up to half again as much damage against particularly
   susceptible opponents.
   Big, fiery blades are also staple armaments of hydra-hunters.
   It affects your strength (+2).
   It affects your resistance to hostile enchantments.
 y - a +2 rapier of electrocution
 D - the +8 long sword of Vanity {holy, rPois Dex+4}
   (Trog gifted it to you on level 2 of the Orcish Mines)

   It has been blessed by the Shining One to cause great damage to the undead
   and demons.
   It affects your dexterity (+4).
   It protects you from poison.
 M - a +1 arbalest of flaming
Missiles
 p - 307 bolts
 U - 6 throwing nets (quivered)
Armour
 b - the -2 buckler of the Pleiades (worn) {Dex+4}
   (You bought it in a shop in a bazaar)

   It affects your dexterity (+4).
 e - the +3 scale mail of Makhleb's Hope (worn) {rElec rF+ rN+++ Dex-3}
   (You bought it in a shop in a bazaar)

   It affects your dexterity (-3).
   It protects you from fire.
   It insulates you from electricity.
   It renders you almost immune to negative energy.
 g - a +1 helmet (worn)
 h - a +0 troll leather armour
 v - +0 fire dragon scales
 C - a +0 pair of boots (worn)
 L - a +1 cloak (worn)
 T - a +2 pair of gloves (worn)
Jewellery
 w - a +4 ring of dexterity (right hand)
 F - the amulet "Ifill" (around neck) {Spirit +Fly rPois Int-4}
   (You found it on level 14 of the Dungeon)

   [amulet of guardian spirit]

   It causes incoming damage to be split between your health and magic.
   It affects your intelligence (-4).
   It protects you from poison.
   It lets you fly.
 Q - an uncursed ring of protection from cold
 R - an uncursed ring of flight
 X - an uncursed ring of protection from cold
 Z - a +4 ring of evasion (left hand)
Wands
 t - a wand of acid (11/15)
 K - a wand of lightning (7/15)
 V - a wand of paralysis (18/24)
Scrolls
 k - 20 scrolls of remove curse
 n - 9 scrolls of magic mapping
 o - 11 scrolls of enchant armour
 r - 3 scrolls of immolation
 s - 2 scrolls of fear
 x - a scroll of fog
 B - a scroll of recharging
 E - 3 scrolls of identify
 G - 8 scrolls of enchant weapon
 H - 3 scrolls of blinking
 I - 9 scrolls of teleportation
Potions
 d - 3 potions of invisibility
 j - 8 potions of brilliance
 l - 7 potions of heal wounds
 m - a potion of ambrosia
 u - 12 potions of curing
 z - 4 potions of haste
 J - 2 potions of resistance
 N - 3 potions of agility
 O - 7 potions of flight
 P - 7 potions of magic
 S - a potion of cancellation
 W - 4 potions of might
Miscellaneous
 A - a lightning rod (4/4)
 Y - a sack of spiders
Comestibles
 c - 11 meat rations
 i - 12 royal jellies


   Skills:
 + Level 16.4 Fighting
 + Level 9.1(17.1) Short Blades
 * Level 15.5(15.9) Long Blades
 + Level 0.8 Crossbows
 + Level 9.4 Armour
 + Level 14.2 Dodging
 + Level 14.6 Stealth
 - Level 5.4 Shields
 * Level 13.1 Evocations


You had 18 spell levels left.
You didn't know any spells.

Dungeon Overview and Level Annotations

Branches:
Dungeon (15/15)            Temple (1/1) D:5            Lair (6/6) D:10
 Shoals (2/4) Lair:3        Snake (4/4) Lair:2        Slime (0/5) Lair:5
    Orc (2/2) D:11            Elf (0/3) Orc:2        Vaults (0/5) D:14
 Depths (0/5) D:15

Altars:
Ashenzari
Cheibriados
Dithmenos
Elyvilon
Fedhas
Gozag
Hepliaklqana
Kikubaaqudgha
Makhleb
Nemelex Xobeh
Okawaru
Qazlal
Ru
Sif Muna
Trog
Uskayaw
Vehumet
Wu Jian
Xom
Yredelemnul
Zin
The Shining One
Beogh
Jiyva

Shops:
D:8 (%!   Orc:2 :*[(


Innate Abilities, Weirdness & Mutations

You are small and have problems with some larger weapons.
You are carnivorous and can eat meat at any time.
You have a somewhat thin skeletal structure. (Dex +2, Stealth)
Armour fits poorly on your strangely shaped body.


Message History

You slice the merfolk javelineer!!
The merfolk javelineer is severely wounded.
The merfolk barely misses you.
You riposte.
You barely miss the merfolk.
The merfolk is moderately wounded.
The merfolk completely misses you.
You riposte.
You slice the merfolk!!
The merfolk is heavily wounded.
Unknown command.
You slash the merfolk javelineer!
The merfolk javelineer is severely wounded.
The merfolk javelineer throws a javelin of returning.
The javelin of returning completely misses you.
The merfolk completely misses you.
You riposte.
You slice the merfolk!!
The merfolk is heavily wounded.
Unknown command.
You slash the merfolk javelineer!
The merfolk javelineer is almost dead.
The merfolk completely misses you.
The merfolk javelineer throws a javelin of returning.
The javelin of returning hits you!!
You die...

≈≈≈≈≈≈≈≈≈≈≈≈≈≈≈≈≈≈≈≈
≈≈≈≈≈≈≈.(.m≈≈≈≈≈≈≈≈≈
≈≈≈≈..≈..(m..≈≈.≈≈≈≈
≈..≈....(...<.≈..≈≈≈
≈≈≈≈≈...(###..≈..≈≈≈
≈≈≈......###..≈≈≈≈≈≈
≈....[>..>.≈≈≈≈.≈≈≈≈
≈......mmm.≈≈≈...≈≈≈
..###.)@........≈≈≈
...............E...
...................
.......)........
................
................
...............
.............≈≈
$.........≈≈≈≈≈


You could see a merfolk javelineer and 2 merfolk.

Vanquished Creatures
  Nikola (Snake:1)
  Rupert (Lair:4)
  Agnes (Snake:2)
  Kirke (Lair:5)
  Donald (Shoals:1)
  12 nagarajas
  An orc warlord (Orc:2)
  Aizul (Snake:1)
  3 stone giants
  Azrael (D:14)
  An ettin (D:15)
  Snorg (D:12)
  The ghost of yrara the Martial Artist, a journeyman DsFi of Gozag (Lair:3)
  A fire dragon (D:14)
  Erolcha (Orc:1)
  Harold (Orc:1)
  2 vault guards (D:14)
  10 hydras
  Fannar (D:12)
  10 naga warriors
  A catoblepas (Lair:3)
  7 two-headed ogres
  9 anacondas
  4 centaur warriors
  2 death knights (D:14)
  The ghost of Serafim the Cleaver, a novice MiFi of Okawaru (D:10)
  3 merfolk aquamancers (Shoals:1)
  A tengu warrior (D:15)
  A deep troll shaman (Lair:6)
  A deep elf knight (D:15)
  Urug (Lair:5)
  16 naga sharpshooters
  2 orc high priests (Orc:2)
  6 shock serpents
  5 salamander mystics
  A hell knight (Volcano)
  5 skeletal warriors (D:15)
  4 unseen horrors
  8 sea snakes
  A wizard (D:14)
  3 naga ritualists
  2 lindwurms
  8 mana vipers
  A deep elf mage (D:13)
  3 orc knights (Orc:2)
  7 harpies (Shoals:1)
  3 necromancers
  7 ugly things
  6 orc sorcerers
  An oklob plant (Lair:6)
  3 manticores (D:14)
  4 cyclopes
  Joseph (D:8)
  3 ice statues (IceCv)
  35 black mambas
  A faun (Shoals:1)
  The ghost of runewalsh the Chiller, a novice OpIE of Vehumet (D:6)
  The ghost of runewalsh the Chiller, a novice OpIE (D:8)
  7 salamanders
  2 merfolk sirens
  17 naga magi
  5 elephants (Lair:6)
  4 molten gargoyles (D:13)
  3 guardian serpents
  A smoke demon (Volcano)
  A water nymph (Shoals:2)
  2 gargoyles
  9 komodo dragons
  4 rime drakes
  An efreet (D:12)
  11 spiny frogs
  A kobold demonologist (D:13)
  8 ice devils (IceCv)
  A queen bee (D:10)
  3 red devils (Volcano)
  5 trolls
  A tengu conjurer (D:14)
  A jumping spider (shapeshifter) (D:13)
  A polar bear (Lair:6)
  A wind drake (Shoals:1)
  8 merfolk
  Grinder (D:3)
  3 hornets (Lair:3)
  7 slime creatures
  18 blink frogs
  5 snapping turtles (Shoals:1)
  13 hippogriffs
  A raiju (shapeshifter) (D:13)
  A meliai zombie (D:10)
  A wraith (D:14)
  A spriggan (D:9)
  7 water elementals (Shoals:1)
  Sigmund (D:5)
  5 wyverns
  A shadow (D:11)
  Eustachio (D:4)
  31 yaks
  20 humans (D:14)
  7 fire elementals
  Grum (D:8)
  2 basilisks
  A steam dragon (Lair:5)
  3 vampire mosquitoes
  56 nagas
  Edmund (D:5)
  Menkaure (D:7)
  7 wargs
  3 acid dragons
  13 water moccasins
  A swamp drake (Lair:5)
  2 hell hounds (D:14)
  10 porcupines
  25 orc warriors
  11 ice beasts
  3 sky beasts
  A hornet zombie (D:12)
  2 necrophages
  2 eyes of draining
  A phantom (D:13)
  4 black bears
  18 centaurs
  13 ogres
  21 wolves
  16 crocodiles
  5 big kobolds
  Blork the orc (D:6)
  A gnoll sergeant (D:10)
  19 bullfrogs
  A wyvern zombie (D:12)
  A wyvern skeleton (D:7)
  5 scorpions
  12 wights
  A howler monkey (D:5)
  28 killer bees
  3 electric eels
  5 crimson imps
  2 draconian simulacra (IceCv)
  A bullfrog zombie (D:12)
  6 centaur zombies
  A quasit (D:9)
  2 hounds
  6 jellies
  12 centaur skeletons
  26 orc priests
  5 bullfrog skeletons
  2 iguanas
  Terence (D:2)
  28 orc wizards
  A spriggan simulacrum (IceCv)
  8 worker ants
  A troll simulacrum (IceCv)
  3 hound zombies
  A hound skeleton (D:11)
  A worker ant zombie (D:6)
  5 gnolls (D:10)
  2 ogre simulacra (IceCv)
  10 adders
  A river rat (Sewer)
  4 naga simulacra (IceCv)
  6 shadow imps
  4 oozes (Sewer)
  An adder skeleton (D:4)
  8 worms
  3 dart slugs
  5 leopard geckos
  106 orcs
  4 ball pythons
  7 giant cockroaches
  6 goblins
  5 hobgoblins
  3 jackals (D:1)
  5 quokkas
  8 bats
  4 frilled lizards
  A jackal zombie (D:6)
  11 kobolds
  A leopard gecko skeleton (D:5)
  A quokka skeleton (D:5)
  8 rats
  A spectral orc (D:5)
  A withered plant (D:12)
1070 creatures vanquished.

Vanquished Creatures (collateral kills)
  2 nagarajas (Snake:4)
  2 naga warriors (Snake:4)
  A hydra (Lair:3)
  A catoblepas (Lair:6)
  2 anacondas (Snake:4)
  3 death yaks (Lair:6)
  3 naga sharpshooters (Snake:4)
  A sea snake (Snake:4)
  4 naga ritualists (Snake:4)
  3 harpies (Shoals:1)
  2 fauns (Shoals:1)
  5 mana vipers (Snake:4)
  3 salamanders (Snake:4)
  2 ugly things (D:15)
  3 naga magi (Snake:4)
  2 guardian serpents (Snake:4)
  7 black mambas
  A spiny frog (Lair:3)
  A komodo dragon (Lair:1)
  2 merfolk (Shoals:1)
  A water elemental (Shoals:1)
  9 nagas (Snake:4)
  A water moccasin (Lair:3)
  A porcupine (Lair:3)
  2 orc warriors
  A centaur (D:15)
  A crocodile (Lair:3)
  12 killer bees (D:10)
  2 orc wizards (D:10)
  An orc priest (D:10)
81 creatures vanquished.

Vanquished Creatures (others)
  An ogre mage (D:14)
  A black mamba (Snake:4)
  A human (Lair:5)
  A naga (Snake:4)
  13 fungi
  34 plants
51 creatures vanquished.

Grand Total: 1202 creatures vanquished

Notes
Turn   | Place    | Note
-------+----------+-------------------------------------------
     0 | D:1      | Multipenetrator the Kobold Berserker began the quest for the Orb.
     0 | D:1      | Reached XP level 1. HP: 14/14 MP: 1/1
   241 | D:1      | Reached XP level 2. HP: 11/19 MP: 2/2
   471 | D:1      | Reached XP level 3. HP: 24/24 MP: 3/3
   498 | D:1      | Reached skill level 4 in Fighting
   846 | D:2      | Reached ** piety under Trog
   870 | D:2      | Noticed Terence
   882 | D:2      | Killed Terence
   882 | D:2      | Reached XP level 4. HP: 30/30 MP: 4/4
  1484 | D:2      | Reached XP level 5. HP: 34/34 MP: 5/5
  1488 | D:2      | Found a sacrificial altar of Ru.
  1612 | D:3      | Reached skill level 1 in Stealth
  1614 | D:3      | Reached skill level 5 in Fighting
  1628 | D:3      | Noticed Grinder
  1671 | D:3      | Killed Grinder
  1671 | D:3      | Reached skill level 5 in Dodging
  1671 | D:3      | Reached XP level 6. HP: 41/41 MP: 6/6
  1686 | D:3      | Found a glowing drain.
  1694 | D:3      | Reached skill level 6 in Fighting
  1706 | Sewer    | Entered a sewer
  1870 | Sewer    | Reached XP level 7. HP: 47/47 MP: 7/7
  2087 | Sewer    | Reached skill level 7 in Fighting
  2271 | Sewer    | Reached *** piety under Trog
  2395 | D:3      | Reached XP level 8. HP: 43/53 MP: 8/8
  3243 | D:4      | Noticed Eustachio
  3261 | D:4      | Killed Eustachio
  3261 | D:4      | Reached skill level 5 in Stealth
  3340 | D:4      | Reached skill level 8 in Fighting
  3361 | D:4      | Reached **** piety under Trog
  3770 | D:5      | Entered Level 5 of the Dungeon
  3770 | D:5      | Found a staircase to the Ecumenical Temple.
  3789 | Temple   | Entered the Ecumenical Temple
  4207 | D:5      | Noticed Sigmund
  4225 | D:5      | Killed Sigmund
  4225 | D:5      | Reached XP level 9. HP: 60/60 MP: 9/9
  4735 | D:5      | Noticed Edmund
  4751 | D:5      | Killed Edmund
  4751 | D:5      | Reached skill level 9 in Fighting
  4897 | D:5      | Found a basalt altar of Yredelemnul.
  5229 | D:6      | Found a glowing golden altar of the Shining One.
  5304 | D:6      | Noticed Blork the orc
  5304 | D:6      | Noticed runewalsh's ghost (novice OpIE)
  5318 | D:6      | Killed runewalsh's ghost
  5322 | D:6      | Killed Blork the orc
  5688 | D:6      | Found a shimmering altar of Xom.
  5755 | D:6      | Reached skill level 10 in Fighting
  6068 | D:7      | Reached XP level 10. HP: 68/68 MP: 10/10
  6460 | D:7      | Found a blossoming altar of Fedhas.
  6913 | D:7      | Noticed Menkaure
  6921 | D:7      | Killed Menkaure
  6921 | D:7      | Reached ***** piety under Trog
  7070 | D:8      | Found a shimmering altar of Xom.
  7256 | D:8      | Found a bloodstained altar of Trog.
  7257 | D:8      | Noticed Grum
  7267 | D:8      | Received a gift from Trog
  7275 | D:8      | Killed Grum
  7275 | D:8      | Reached skill level 11 in Fighting
  7460 | D:8      | Found Zapun's Distillery.
  7477 | D:8      | Reached skill level 5 in Armour
  7505 | D:8      | Bought a potion of curing for 39 gold pieces
  7505 | D:8      | Bought 2 potions of heal wounds for 130 gold pieces
  7505 | D:8      | Bought a potion of heal wounds for 65 gold pieces
  7505 | D:8      | Bought a potion of curing for 39 gold pieces
  7505 | D:8      | Bought 2 potions of curing for 78 gold pieces
  7505 | D:8      | Bought a potion of mutation for 104 gold pieces
  7520 | D:8      | Noticed Joseph
  7539 | D:8      | Killed Joseph
  7667 | D:8      | You fall through a shaft for 2 floors!
  7667 | D:10     | Entered Level 10 of the Dungeon
  7738 | D:8      | Noticed runewalsh's ghost (novice OpIE)
  7750 | D:8      | Killed runewalsh's ghost
  7750 | D:8      | Reached XP level 11. HP: 75/75 MP: 11/11
  7769 | D:8      | Found Petof's Food Boutique.
  8017 | D:8      | Found Epliang's Weapon Shop.
  8098 | D:8      | Found a stormy altar of Qazlal.
  8098 | D:8      | Found a snail-covered altar of Cheibriados.
  8227 | D:9      | Noticed a two-headed ogre
  8260 | D:9      | Killed a two-headed ogre
  8260 | D:9      | Reached skill level 12 in Fighting
  8260 | D:9      | Reached skill level 10 in Stealth
  8279 | D:9      | Found a shimmering altar of Xom.
  8280 | D:9      | Found a hazy altar of Hepliaklqana.
  8638 | D:10     | Reached skill level 1 in Shields
  8699 | D:10     | Reached skill level 10 in Dodging
  8950 | D:10     | Reached skill level 1 in Evocations
  8953 | D:10     | Reached skill level 5 in Short Blades
  8954 | D:10     | Noticed a two-headed ogre
  8971 | D:10     | Killed a two-headed ogre
  9009 | D:10     | Found a staircase to the Lair.
  9050 | D:10     | Noticed Serafim's ghost (novice MiFi)
  9739 | Lair:1   | Entered Level 1 of the Lair of Beasts
  9772 | Lair:1   | Reached XP level 12. HP: 81/81 MP: 13/13
 11150 | Lair:2   | Reached skill level 5 in Shields
 11657 | Lair:2   | Found a staircase to the Snake Pit.
 12059 | Lair:2   | Received a gift from Trog
 12059 | Lair:2   | Reached XP level 13. HP: 87/87 MP: 14/14
 12380 | Lair:3   | Found a staircase to the Shoals.
 12618 | Lair:3   | Got a pitted scimitar
 12619 | Lair:3   | Identified the +9 scimitar of Ganener {antimagic, rN++ Str+5 Dex+4} (You found it on level 3 of the Lair of Beasts)
 12766 | Lair:3   | Reached skill level 1 in Long Blades
 12778 | Lair:3   | Noticed a catoblepas
 12792 | Lair:3   | Killed a catoblepas
 12824 | Lair:3   | Found a frozen archway.
 12898 | IceCv    | Entered an ice cave
 13256 | IceCv    | Reached skill level 13 in Fighting
 13576 | IceCv    | Got a warped hat
 13590 | IceCv    | Identified the cursed +0 hat "Giod" {-Tele rElec Str+4 Int+6} (You found it in an ice cave)
 13606 | IceCv    | Got a polished morningstar
 13607 | IceCv    | Identified the +9 morningstar "Dipoq" {drain, *Rage rPois Int+4} (You found it in an ice cave)
 13840 | Lair:3   | Paralysed by a hornet for 1 turns
 13922 | Lair:3   | Noticed a seven-headed hydra
 13947 | Lair:3   | Killed a seven-headed hydra
 13947 | Lair:3   | Reached skill level 5 in Long Blades
 14671 | Lair:3   | Noticed yrara's ghost (journeyman DsFi)
 14689 | Lair:3   | Killed yrara's ghost
 14997 | Lair:4   | Noticed a four-headed hydra
 15022 | Lair:4   | Killed a four-headed hydra
 15022 | Lair:4   | Reached XP level 14. HP: 94/94 MP: 6/17
 15537 | Lair:4   | Noticed Rupert
 15558 | Lair:4   | Killed Rupert
 15983 | Lair:4   | Received a gift from Trog
 16185 | Lair:5   | Found a staircase to the Slime Pits.
 16185 | Lair:5   | Found a viscous altar of Jiyva.
 16282 | Lair:5   | Found a dark tunnel.
 16326 | Volcano  | Entered a volcano
 16618 | Lair:5   | Reached skill level 5 in Evocations
 16675 | Lair:5   | Upgraded the game from 0.21-a0-71-g5e5ddd2 to 0.21-a0-221-gfe971b9
 16730 | Lair:5   | Noticed Urug
 16740 | Lair:5   | Killed Urug
 16756 | Lair:5   | Upgraded the game from 0.21-a0-221-gfe971b9 to 0.21-a0-273-g0785366
 16784 | Lair:5   | Noticed Kirke
 16798 | Lair:5   | Killed Kirke
 16798 | Lair:5   | Received a gift from Trog
 17421 | Lair:6   | Entered Level 6 of the Lair of Beasts
 17580 | Lair:6   | Found a hide-covered altar of Uskayaw.
 17821 | Lair:6   | Got a heavily runed leather armour
 17837 | Lair:6   | Identified the +3 leather armour of the Trees {Str+7} (You found it on level 6 of the Lair of Beasts)
 18291 | Lair:6   | Reached XP level 15. HP: 79/100 MP: 6/19
 18961 | D:10     | Killed Serafim's ghost
 18961 | D:10     | Reached skill level 10 in Long Blades
 19271 | D:11     | You fall through a shaft for 3 floors!
 19303 | D:12     | Found a flickering gateway to a bazaar.
 19346 | D:13     | Received a gift from Trog
 19427 | Bazaar   | Entered a bazaar
 19427 | Bazaar   | Found Zaobes's Antique Weapon Boutique.
 19434 | Bazaar   | Found Edusmiatz's General Store.
 19442 | Bazaar   | Bought a potion of haste for 60 gold pieces
 19442 | Bazaar   | Found Zukunk's Antique Armour Emporium.
 19453 | Bazaar   | Found Utichy's Jewellery Boutique.
 19476 | Bazaar   | Found Hujirph's Magic Scroll Shoppe.
 19484 | Bazaar   | Bought a scroll of blinking for 90 gold pieces
 19506 | Bazaar   | Bought a warped buckler for 199 gold pieces
 19516 | Bazaar   | Identified the -2 buckler of the Pleiades {Dex+4} (You bought it in a shop in a bazaar)
 19536 | Bazaar   | Bought an ichor-stained scale mail for 189 gold pieces
 19546 | Bazaar   | Identified the +3 scale mail of Makhleb's Hope {rElec rF+ rN+++ Dex-3} (You bought it in a shop in a bazaar)
 19936 | D:12     | Noticed Snorg
 19947 | D:12     | Killed Snorg
 20031 | D:12     | Noticed Fannar
 20077 | D:12     | Killed Fannar
 21045 | D:11     | Found a staircase to the Orcish Mines.
 21290 | Orc:1    | Entered Level 1 of the Orcish Mines
 21452 | Orc:1    | Noticed a stone giant
 21466 | Orc:1    | Killed a stone giant
 21496 | Orc:1    | Reached ****** piety under Trog
 21683 | Orc:1    | Noticed Erolcha
 21692 | Orc:1    | Killed Erolcha
 21692 | Orc:1    | Reached skill level 14 in Fighting
 21808 | Orc:2    | Entered Level 2 of the Orcish Mines
 21926 | Orc:2    | Received a gift from Trog
 22055 | Orc:2    | Paralysed by an orc sorcerer for 2 turns
 22059 | Orc:2    | Noticed an orc warlord
 22264 | Orc:1    | Noticed Harold
 22286 | Orc:1    | Killed Harold
 22433 | Orc:2    | Killed an orc warlord
 22438 | Orc:2    | Found a roughly hewn altar of Beogh.
 22458 | Orc:2    | Reached XP level 16. HP: 32/106 MP: 7/21
 22679 | Orc:2    | Found Eduojosk's General Store.
 22705 | Orc:2    | Bought a scroll of teleportation for 36 gold pieces
 22705 | Orc:2    | Bought a potion of curing for 36 gold pieces
 22713 | Orc:2    | Found Lokasoj's Antique Armour Shoppe.
 22715 | Orc:2    | Found Den Samn's Book Shoppe.
 22722 | Orc:2    | Received a gift from Trog
 22736 | Orc:2    | Got an iridescent long sword {god gift}
 22737 | Orc:2    | Identified the +8 long sword of Vanity {holy, rPois Dex+4} (Trog gifted it to you on level 2 of the Orcish Mines)
 22774 | Orc:2    | Found a staircase to the Elven Halls.
 22977 | Orc:2    | Bought a pair of runed gloves for 202 gold pieces
 22998 | Orc:2    | Found Vyodiush's Antique Weapon Shoppe.
 23849 | D:14     | Noticed Azrael
 24416 | D:14     | Received a gift from Trog
 24477 | D:14     | Found a gate to the Vaults.
 24841 | D:14     | Got an ebony dagger
 24842 | D:14     | Identified the +3 dagger of Zinik {pierce, rF+ rN+ Dex+3} (You found it on level 14 of the Dungeon)
 24848 | D:14     | Got a shimmering platinum amulet
 24849 | D:14     | Identified the amulet "Ifill" {Spirit +Fly rPois Int-4} (You found it on level 14 of the Dungeon)
 25004 | D:14     | Killed Azrael
 25342 | D:15     | Entered Level 15 of the Dungeon
 25551 | D:15     | Reached XP level 17. HP: 112/112 MP: 8/24
 25647 | D:15     | Received a gift from Trog
 25683 | D:15     | Found a staircase to the Depths.
 25761 | D:15     | Got a dazzling scimitar {god gift}
 25762 | D:15     | Identified the +10 scimitar "Grom" {flame, MR+ Str+2} (Trog gifted it to you on level 15 of the Dungeon)
 26670 | Snake:1  | Entered Level 1 of the Snake Pit
 26704 | Snake:1  | Reached skill level 10 in Evocations
 27261 | Snake:1  | Noticed Aizul
 27276 | Snake:1  | Killed Aizul
 27990 | Snake:1  | Noticed Nikola
 27998 | Snake:1  | Killed Nikola
 28443 | Snake:2  | Received a gift from Trog
 28447 | Snake:2  | Reached skill level 15 in Fighting
 28566 | Snake:2  | Noticed Agnes
 28573 | Snake:2  | HP: 4/113 [something (25)]
 28990 | Snake:2  | Killed Agnes
 29191 | Snake:2  | Gained mutation: You are resistant to electric shocks. (rElec) [potion of mutation]
 29191 | Snake:2  | Gained mutation: You are agile. (Dex +2) [potion of mutation]
 29192 | Snake:2  | Lost mutation: You are agile. (Dex +2) [potion of mutation]
 29192 | Snake:2  | Lost mutation: You are resistant to electric shocks. (rElec) [potion of mutation]
 29192 | Snake:2  | Gained mutation: Your flesh is cold resistant. (rC+) [potion of mutation]
 29192 | Snake:2  | Gained mutation: You are dopey. (Int -2) [potion of mutation]
 29192 | Snake:2  | Gained mutation: You are weak. (Str -2) [potion of mutation]
 29192 | Snake:2  | Gained mutation: You are agile. (Dex +2) [potion of mutation]
 29193 | Snake:2  | Lost mutation: You are agile. (Dex +2) [potion of mutation]
 29193 | Snake:2  | Lost mutation: You are dopey. (Int -2) [potion of mutation]
 29193 | Snake:2  | Gained mutation: You have sharp fingernails. [potion of mutation]
 29193 | Snake:2  | Gained mutation: You can translocate small distances at will. [potion of mutation]
 29194 | Snake:2  | Lost mutation: Your flesh is cold resistant. (rC+) [potion of mutation]
 29194 | Snake:2  | Lost mutation: You are weak. (Str -2) [potion of mutation]
 29194 | Snake:2  | Gained mutation: You are partially covered in rugged brown scales. (AC +1, +3% HP) [potion of mutation]
 29196 | Snake:2  | Lost mutation: You can translocate small distances at will. [potion of mutation]
 29196 | Snake:2  | Lost mutation: You are partially covered in rugged brown scales. (AC +1, +3% HP) [potion of mutation]
 29196 | Snake:2  | Lost mutation: You have sharp fingernails. [potion of mutation]
 29196 | Snake:2  | Gained mutation: You are clumsy. (Dex -2) [potion of mutation]
 29196 | Snake:2  | Gained mutation: You do not regenerate when monsters are visible. [potion of mutation]
 29196 | Snake:2  | Gained mutation: You possess an exceptional clarity of mind. [potion of mutation]
 29197 | Snake:2  | Lost mutation: You possess an exceptional clarity of mind. [potion of mutation]
 29197 | Snake:2  | Lost mutation: You do not regenerate when monsters are visible. [potion of mutation]
 29197 | Snake:2  | Gained mutation: You do not regenerate when monsters are visible. [potion of mutation]
 29197 | Snake:2  | Gained mutation: You evolve. [potion of mutation]
 29198 | Snake:2  | Lost mutation: You are clumsy. (Dex -2) [potion of mutation]
 29198 | Snake:2  | Lost mutation: You do not regenerate when monsters are visible. [potion of mutation]
 29198 | Snake:2  | Gained mutation: Armour fits poorly on your strangely shaped body. [potion of mutation]
 29198 | Snake:2  | Gained mutation: You have a pair of small horns on your head. [potion of mutation]
 29199 | Snake:2  | Lost mutation: You have a pair of small horns on your head. [potion of mutation]
 29199 | Snake:2  | Lost mutation: You evolve. [potion of mutation]
 29199 | Snake:2  | Gained mutation: You have a somewhat thin skeletal structure. (Dex +2, Stealth) [potion of mutation]
 29456 | Snake:2  | Reached XP level 18. HP: 117/119 MP: 8/26
 29981 | Snake:3  | HP: 2/119 [naga warrior/flail (4)]
 30957 | Snake:4  | Entered Level 4 of the Snake Pit
 31368 | Snake:4  | Received a gift from Trog
 31375 | Snake:4  | HP: 5/119 [naga sharpshooter/bolt (8)]
 31888 | Snake:4  | Reached skill level 15 in Long Blades
 32355 | Snake:4  | Reached XP level 19. HP: 92/125 MP: 5/28
 32854 | Snake:4  | Got a brightly glowing short sword {god gift}
 32855 | Snake:4  | Identified the +1 short sword "Utogionn" {freeze, rPois} (Trog gifted it to you on level 4 of the Snake Pit)
 34244 | Snake:4  | Reached skill level 16 in Fighting
 34488 | Snake:4  | Got a serpentine rune of Zot
 34673 | Shoals:1 | Entered Level 1 of the Shoals
 35074 | Shoals:1 | Noticed Donald
 35101 | Shoals:1 | Killed Donald
 35297 | Shoals:1 | Received a gift from Trog
 35924 | Shoals:2 | Hit by a javelin of returning thrown by a merfolk javelineer

Vault maps used:
D:1:      lightli_arrival_flooded_house
D:2:      nicolae_ru_awakened_eye, uniq_terence
D:3:      first_bread, cheibrodos_sewer_entry_drain, st_stairs_8,
          minmay_misc_feat_columns, serial_park_tiny_2, uniq_grinder
D:4:      uniq_eustachio
D:5:      yredelemnul_forgotten_temple_becter, temple_statues, uniq_sigmund,
          uniq_edmund
D:6:      kennysheep_mini_moat, basic_altar, uniq_blork_the_orc
D:7:      kennysheep_little_box, uniq_menkaure
D:8:      trog_eyes_of_draining, gammafunk_temple_overflow_elements,
          basic_altar, serial_shops, nicolae_shop_trees, shop,
          nicolae_shop_stone, uniq_grum, uniq_joseph
D:9:      regret_index_temple_of_mockery, the_bakery
D:10:     erik_lair_orcish_takeover
D:11:     orc_0_dummy
D:12:     serial_shops, bzr_entry_islet, serial_undead, serial_undead_c,
          serial_undead_b, serial_undead_f, serial_undead_c, uniq_snorg,
          uniq_fannar
D:13:     minivault_8
D:14:     minmay_the_grid_triangle_9x9_recursive_2, grunt_vaults_entry_tiered,
          infiniplex_staircase_zigzag_4, uniq_azrael
D:15:     hangedman_depths_entry_civil_slaughter
Temple:   oiseaux_autumnal_temple
Lair:1:   st_stairs_10, lemuel_fruit_fields, grunt_megastairs_1
Lair:2:   guppyfry_snake_entry_garden, grunt_megastairs_3, serial_bayou_shore_a
Lair:3:   cheibrodos_lair_overgrown_chateau, minmay_shoals_entry_centaurs,
          portal_ice_cave_entry_ice_beasts
Lair:4:   uniq_rupert
Lair:5:   slime_altar_1, enter_volcano_1, guppyfry_lair_drakes,
          serial_bayou_shore_b, uniq_kirke, uniq_urug
Lair:6:   grunt_lair_end_beastmaster, lemuel_oklob_altar
Shoals:1: hangedman_shoals_cup_caves, uniq_donald
Shoals:2: centaur_isle, uniq_frances
Snake:1:  uniq_aizul, uniq_nikola
Snake:2:  uniq_agnes
Snake:4:  grunt_snake_rune_pools, grunt_ministairs_12, basic_stair_grate_trap
Orc:1:    uniq_erolcha, uniq_harold
Orc:2:    grunt_orc_cross
Bazaar:   bazaar_lake
Sewer:    sewer_co_tree
IceCv:    ice_cave_tombish
Volcano:  volcano_pools

Skill      XL: |  1  2  3  4  5  6  7  8  9 10 11 12 13 14 15 16 17 18 19 |
---------------+----------------------------------------------------------+-----
Dodging        | 3 4 5 6 7 9 10 11 12 13 14 | 14.2
Fighting       | 4 5 6 7 8 10 11 12 13 14 15 16 | 16.4
Stealth        | 3 4 6 7 9 10 11 12 13 14 | 14.6
Armour         | 2 4 5 6 7 8 9 |  9.4
Shields        | 3 5 |  5.4
Evocations     | 1 4 6 7 9 11 12 13 | 13.1
Short Blades   | 5 8 9 |  9.1
Long Blades    | 6 9 11 13 14 15 | 15.5
Crossbows      | |  0.8

Action                   |  1- 3 |  4- 6 |  7- 9 | 10-12 | 13-15 | 16-18 | 19-21 || total
-------------------------+-------+-------+-------+-------+-------+-------+-------++-------
Melee: Short sword       |    17 |       |       |       |       |       |       ||    17
       Dagger            |    50 |    85 |   412 |   782 |   149 |     2 |       ||  1480
       Scimitar          |       |       |       |       |   970 |  1212 |   488 ||  2670
       Rapier            |       |       |       |       |       |     6 |     1 ||     7
 Fire: Arbalest          |       |       |       |     6 |       |       |       ||     6
Invok: Berserk           |     2 |     2 |     7 |    26 |    38 |    21 |       ||    96
       Trog's Hand       |       |       |     1 |     3 |     6 |     6 |     3 ||    19
       Brothers in Arms  |       |       |       |     3 |     6 |    11 |     1 ||    21
       Burn Spellbooks   |       |       |       |       |     2 |     2 |       ||     4
 Abil: Evoke Flight      |       |       |       |       |       |     1 |       ||     1
Evoke: Wand              |       |       |     1 |    11 |    26 |     7 |       ||    45
       Lightning rod     |       |       |       |       |     3 |     4 |       ||     7
       Sack of spiders   |       |       |       |       |     1 |     2 |       ||     3
  Use: Scroll            |       |       |     3 |     5 |    19 |    10 |     1 ||    38
       Potion            |       |       |       |       |     3 |    11 |       ||    14
 Stab: Sleeping          |     3 |     2 |    15 |    18 |    35 |    43 |     3 ||   119
       Distracted        |       |       |       |     1 |     8 |     3 |     3 ||    15
       Paralysed         |       |       |       |       |       |     2 |       ||     2
       Fleeing           |       |       |       |       |       |     1 |       ||     1
  Eat: Chunk             |     7 |     8 |    18 |    48 |    74 |    41 |    20 ||   216
       Royal jelly       |       |       |       |       |     1 |     6 |     1 ||     8
Armor: Animal skin       |     9 |       |       |       |       |       |       ||     9
       Leather armour    |       |     6 |     9 |       |    34 |       |       ||    49
       Ring mail         |       |       |    57 |   137 |   104 |       |       ||   298
       Scale mail        |       |       |       |       |    81 |   198 |    44 ||   323
       Troll leather arm |       |       |       |       |       |     4 |       ||     4
Dodge: Dodged            |    42 |    47 |   217 |   594 |  1178 |  1170 |   468 ||  3716
Block: Buckler           |       |       |       |   148 |   455 |   335 |   153 ||  1091
       Rpst.: Scimitar   |       |       |       |       |   235 |   232 |    83 ||   550
       Long sword        |       |       |       |       |       |     1 |       ||     1

Table legend:
 A = Spawn XP
 B = Non-spawn XP
 C = Spawn XP percentage of total XP
 D = Spawn monster count
 E = Non-spawn monster count
 F = Spawn count percentage of total count
 G = Total turns spent on level
                    A         B        C        D         E        F      G
               +---------+---------+-------+---------+---------+-------+---------
         Total |       0 |  258748 |   0.0 |       0 |     689 |   0.0 | 19249
               +---------+---------+-------+---------+---------+-------+---------
          D:11 |       0 |    4654 |   0.0 |       0 |      39 |   0.0 |  1120
          D:12 |       0 |    8650 |   0.0 |       0 |      39 |   0.0 |  1058
          D:13 |       0 |    9379 |   0.0 |       0 |      47 |   0.0 |   846
          D:14 |       0 |   24002 |   0.0 |       0 |      70 |   0.0 |  1356
          D:15 |       0 |   20272 |   0.0 |       0 |      36 |   0.0 |  1154
        Lair:5 |       0 |     590 |   0.0 |       0 |       5 |   0.0 |   813
        Lair:6 |       0 |   19364 |   0.0 |       0 |      49 |   0.0 |  1402
      Shoals:1 |       0 |   22792 |   0.0 |       0 |      50 |   0.0 |  1208
      Shoals:2 |       0 |    1570 |   0.0 |       0 |       4 |   0.0 |    43
       Snake:1 |       0 |   19202 |   0.0 |       0 |      25 |   0.0 |  1796
       Snake:2 |       0 |   22196 |   0.0 |       0 |      35 |   0.0 |  1319
       Snake:3 |       0 |   20015 |   0.0 |       0 |      42 |   0.0 |  1717
       Snake:4 |       0 |   68377 |   0.0 |       0 |     128 |   0.0 |  3108
         Orc:1 |       0 |    5872 |   0.0 |       0 |      45 |   0.0 |   690
         Orc:2 |       0 |   11813 |   0.0 |       0 |      75 |   0.0 |  1222
               +---------+---------+-------+---------+---------+-------+---------
